 Dungeon Crawl Stone Soup version 0.30-a0-862-g1aabd4f9c5 (webtiles) character file.

Game seed: 18427237505661574085

176 bande the Covered (level 5, -4/33 HPs)
             Began as a Gargoyle Fighter on Mar 10, 2023.
             Splashed by a jelly's acid (6 damage)
             ... on level 4 of the Dungeon.
             The game lasted 00:07:23 (2799 turns).

bande the Covered (Gargoyle Fighter)                Turns: 2799, Time: 00:07:23

Health: -4/33      AC: -12   Str: 20    XL:     5   Next: 56%
Magic:  5/5        EV:  8    Int:  8    God:
Gold:   150        SH:  9    Dex: 11    Spells: 4/4 levels left

rFire   . . .      SeeInvis .    a - +0 war axe
rCold   . . .      Faith    .    j - +1 kite shield
rNeg    + . .      Spirit   .    b - +0 scale mail
rPois   ∞          Reflect  .    (no helmet)
rElec   +          Rampage  .    (no cloak)
rCorr   .                        (no gloves)
Will    .....                    (no boots) Stlth
                                 (no amulet)
HPRegen 0.25/turn                (no ring)
MPRegen 0.09/turn                (no ring)

@: weak-willed, corroded
A: sickness immunity, AC +4, negative energy resistance 1, electricity
resistance, torment resistance 1, petrification resistance
a: no special abilities


You were on level 4 of the Dungeon.
You visited 1 branch of the dungeon, and saw 4 of its levels.

You collected 150 gold pieces.

Inventory:

Hand Weapons
 a - a +0 war axe (weapon)
 m - a +0 flail
Armour
 b - a +0 scale mail (worn)
 j - a +1 kite shield (worn)
Scrolls
 g - 2 scrolls of identify
Potions
 d - a potion of might
 i - a potion of heal wounds
 l - a potion of berserk rage {unknown}


   Skills:
 + Level 3.9 Fighting
 + Level 3.8 Axes
 + Level 4.0 Armour
 + Level 4.0 Shields


You had 4 spell levels left.
You didn't know any spells.
Your spell library contained the following spells:

 Spells                   Type           Power      Damage    Failure   Level
 Magic Dart               Conj           0%         1d3       98%         1
 Searing Ray              Conj           0%         2d4       99%         2
 Fulminant Prism          Conj/Hex       0%         3d5       100%        4


Dungeon Overview and Level Annotations

Branches:
Dungeon (4/15)
 Temple: D:4-7

Altars:
Vehumet

Shops:
D:2 (

Annotations:
D:3 2 transporters
D:4 Edmund


Innate Abilities, Weirdness & Mutations

You are immune to sickness and miasma.
Your stone body is resilient. (AC +4)
You are immune to poison.
You resist negative energy. (rN+)
You are resistant to electric shocks. (rElec)
You are resistant to unholy torment.
You are immune to petrification.


Message History

The endoplasm is heavily wounded.
You hit the endoplasm. The endoplasm freezes you.
You are frozen.
You block the endoplasm's attack.
You slash the endoplasm!
You kill the endoplasm!
You barely miss the endoplasm. The endoplasm freezes you.
You are frozen.
The endoplasm barely misses you.
You hit the endoplasm.
The endoplasm is almost dead.
You slash the jelly! The acid corrodes you!
Your hands burn!
You block the jelly's attack.
The endoplasm hits you but does no damage.
You hit the endoplasm.
You kill the endoplasm!
You hit the jelly. The acid corrodes you!
Your hands burn!
The jelly closely misses you. The jelly hits you. The acid corrodes you!
You are splashed with acid.
You hit the jelly but do no damage. The acid corrodes you!
Your hands burn!
The jelly is severely wounded.
The jelly barely misses you.
You are too injured to fight recklessly!
You are too injured to fight recklessly!
You are too injured to fight recklessly!
You are too injured to fight recklessly!
You are too injured to fight recklessly!
You are too injured to fight recklessly!
You are too injured to fight recklessly!
You are too injured to fight recklessly!
You hit the jelly but do no damage.
Your hands burn!
The jelly is severely wounded.
The jelly hits you. The acid corrodes you!
You are splashed with acid!
* * * LOW HITPOINT WARNING * * *
The jelly barely misses you.
Edmund the Younger comes into view.
He is wielding a +1 heavy dire flail.
The jelly attacks as you move away! The jelly hits you.
* * * LOW HITPOINT WARNING * * *
The acid corrodes you!
You are splashed with acid.
You die...

*,##.....##,,,,,,,~~,,,,
*,#..@....#****,,,,,,,,,
*,#.......#** *****,**,,
*,+..._...+,*******,****
**#.^.....#,,,,,,,,,,,,,
#.......#**,**********
*#.....#* *,,,,,,,,***
**#J#########****,>,,
#.@.......# *****
###<......# * #.......#
* #.......# *
#.......#########
#...†............
#.).....#########
#.......# * #.......# *


You could see Edmund (wandering) and a jelly.

Vanquished Creatures
  An iguana (D:3)
  4 gnolls (D:3)
  2 adders
  A worm (D:3)
  4 dart slugs
  3 ball pythons
  8 endoplasms
  4 giant cockroaches
  7 goblins
  10 hobgoblins
  13 jackals
  3 kobolds
  3 quokkas
  2 bats
  3 frilled lizards
  3 rats
71 creatures vanquished.

Vanquished Creatures (others)
  3 fungi (D:1)
  A plant (D:1)
4 creatures vanquished.

Grand Total: 75 creatures vanquished

Notes
Turn   | Place    | Note
-------+----------+-------------------------------------------
     0 | D:1      | bande the Gargoyle Fighter began the quest for the Orb.
     0 | D:1      | Reached XP level 1. HP: 14/14 MP: 1/1
   114 | D:1      | Reached XP level 2. HP: 17/19 MP: 2/2
   530 | D:1      | Reached XP level 3. HP: 20/23 MP: 3/3
   750 | D:1      | Found a faded altar of an unknown god.
  1260 | D:2      | Reached XP level 4. HP: 24/29 MP: 4/4
  1577 | D:2      | Found Wost's Weapon Shop.
  2163 | D:3      | Reached XP level 5. HP: 33/33 MP: 5/5
  2455 | D:3      | Found a transporter.
  2467 | D:3      | Found a transporter.
  2470 | D:3      | Noticed a small abomination
  2475 | D:3      | Noticed an ancient zyme
  2789 | D:4      | Found a radiant altar of Vehumet.
  2797 | D:4      | Noticed Edmund
  2799 | D:4      | Splashed by a jelly's acid

Illustrated notes

Levels and vault maps discovered:
D:1:      giann_forest_graveyard, layout_loops_corners,
          shapermc_ecumenical_altar_mp_urbaneastern
D:2:      layout_basic, serial_shops, shop, serial_park_tiny_2
D:3:      layout_rooms, gammafunk_ghost_abyssal_escape, minivault_24,
          hangedman_decor_riveting
D:4:      layout_rooms, nicolae_vehumet_altar_sigil, guppyfry_early_lair_pool,
          uniq_edmund

Skill      XL: |  1  2  3  4  5 |
---------------+----------------+-----
Axes           | 2 3 |  3.8
Armour         | 4 |  4.0
Shields        | 4 |  4.0
Fighting       | |  3.9

Action                     |  1- 3 |  4- 6 || total
---------------------------+-------+-------++-------
  Melee: War axe           |   137 |   102 ||   239
    Use: Scroll            |       |     9 ||     9
 Armour: Scale mail        |    86 |    48 ||   134
  Dodge: Dodged            |    58 |    40 ||    98
  Block: Buckler           |    19 |       ||    19
         Kite shield       |    23 |    50 ||    73

Table legend: (Time is in decaauts)
 A = Elapsed time spent in this place.
 B = Non-inter-level travel time spent in this place.
 C = Inter-level travel time spent in this place.
 D = Time resting spent in this place.
 E = Time spent auto-exploring this place.
 F = Levels seen in this place.
 G = Mean time per level.
                   A        B        C        D        E       F      G
               +--------+--------+--------+--------+--------+-----+--------+
         Total |   2914 |   2889 |     25 |    372 |   1853 |   4 |  728.5 |
       Dungeon |   2914 |   2889 |     25 |    372 |   1853 |   4 |  728.5 |
               +--------+--------+--------+--------+--------+-----+--------+

Top non-repeatable levels by time:
     D:1: 1078 daAuts
     D:2: 1056 daAuts
     D:3: 676 daAuts
     D:4: 102 daAuts
